 Dungeon Crawl Stone Soup version 0.24-a0-307-gf989941 (webtiles) character file.

Game seed: 13538764082257100631

427 TheGoonsmith the Chiller (level 6, -10/41 HPs)
             Began as a Merfolk Ice Elementalist on May 13, 2019.
             Mangled by an ogre
             ... wielding a +0 giant club
              (27 damage)
             ... on level 4 of the Dungeon.
             The game lasted 00:07:14 (3381 turns).

TheGoonsmith the Chiller (Merfolk Ice Elementalist) Turns: 3381, Time: 00:07:14

Health: -10/41     AC:  7    Str:  8    XL:     6   Next: 97%
Magic:  1/10       EV: 15    Int: 14    God:
Gold:   153        SH:  8    Dex: 17    Spells: 1/11 levels left

rFire    . . .     SeeInvis .   t - +7 spear
rCold    . . .     Gourm    .   o - +3 buckler
rNeg     . . .     Faith    .   a - +0 robe
rPois    .         Spirit   .   (no helmet)
rElec    .         Reflect  .   (no cloak)
rCorr    .         Harm     .   (no gloves)
MR       .....                  (no boots)
Stlth    +++.......             (no amulet)
HPRegen  0.13/turn              f - ring of stealth
MPRegen  0.12/turn              (no ring)

@: icy armour, very slightly contaminated
A: change form in water, swift swim, stealthy swim
a: no special abilities


You were on level 4 of the Dungeon.
You were very hungry.

You visited 1 branch of the dungeon, and saw 4 of its levels.

You collected 153 gold pieces.

Inventory:

Hand Weapons
 d - a -1 dagger
 m - a +0 club
 t - a +7 spear (weapon)
Missiles
 l - 8 atropa-tipped darts (quivered)
 n - 7 boomerangs
 w - 5 poisoned darts
Armour
 a - a +0 robe (worn)
 o - a +3 buckler (worn)
Jewellery
 f - a ring of stealth (left hand)
Wands
 k - a wand of polymorph (7)
Scrolls
 g - 2 scrolls of teleportation
 h - 8 scrolls of remove curse
Potions
 i - 2 potions of cancellation
 j - 2 potions of curing
 q - 2 potions of degeneration
 u - 2 potions of heal wounds
 v - a potion of mutation
Comestibles
 c - 6 rations


   Skills:
 + Level 3.2 Polearms
 - Level 5.0 Dodging
 - Level 2.1 Stealth
 * Level 3.1 Shields
 - Level 3.0 Spellcasting
 - Level 0.7 Conjurations
 - Level 5.1 Ice Magic


You had one spell level left.
You knew the following spells:

 Your Spells              Type           Power        Failure   Level  Hunger
a - Freeze                Ice            ###.         3%          1    #......
b - Throw Frost           Conj/Ice       ##....       11%         2    ##.....
c - Ozocubu's Armour      Chrm/Ice       #.......     26%         3    ###....
z - Summon Ice Beast      Ice/Summ       #.......     63%         4    #####..

Your spell library contained the following spells:

 Spells                   Type           Power        Failure   Level  Hunger
 Throw Icicle             Conj/Ice       ##......     56%         4    #####..


Dungeon Overview and Level Annotations

Branches:
Dungeon (4/15)
 Temple: D:4-7

Altars:
Makhleb
Qazlal
Trog
Yredelemnul

Annotations:
D:4 1 runed translucent door, PanadianCanda's ghost, amateur TrMo


Message History

You freeze the ogre.
The ogre is severely wounded.
The worker ant barely misses you. The ogre completely misses you.
The worker ant bites you but does no damage.
Casting: Freeze (safe; 3% risk of failure)
Confirm with . or Enter, or press ? or * to list all spells.
You don't have enough magic to cast that spell.
Casting: Freeze (safe; 3% risk of failure)
Confirm with . or Enter, or press ? or * to list all spells.
You don't have enough magic to cast that spell.
Okay, then.
You completely miss the ogre.
The ogre is severely wounded.
You block the ogre's attack. The worker ant closely misses you.
You puncture the ogre!
The ogre is almost dead.
The worker ant closely misses you.
The ogre hits you with a +0 giant club!!
Ouch! That really hurt!
You die...

....[.. .# .. ...... .#
..# #..## .###.## #....
#####...... #...#
#........# #....
#........#.. ###.#
#....O...... ###.#
#...@a...## #....
#........... ###..
###........##. #..
#..........# #..
#..........# #..
#...###...## ####..
#...###...########.....
#.........##...........
####......##...........


You could see an ogre and a worker ant.

Vanquished Creatures
  An ogre (D:4)
  A phantom (D:4)
  An orc priest (D:3)
  An orc wizard (D:3)
  Natasha (thrice) (D:2)
  A worker ant (D:4)
  6 adders
  2 dart slugs
  3 orcs
  7 bats
  4 giant cockroaches
  5 goblins
  5 hobgoblins
  2 jackals (D:3)
  2 kobolds (D:3)
  3 quokkas
  2 frilled lizards (D:2)
  3 rats
  A spectral orc (D:2)
53 creatures vanquished.

Notes
Turn   | Place    | Note
-------+----------+-------------------------------------------
     0 | D:1      | TheGoonsmith the Merfolk Ice Elementalist began the quest
                  | for the Orb.
     0 | D:1      | Reached XP level 1. HP: 13/13 MP: 3/3
   318 | D:1      | Reached XP level 2. HP: 18/19 MP: 0/5
   998 | D:2      | Learned a level 2 spell: Throw Frost
  1041 | D:2      | Reached XP level 3. HP: 2/24 MP: 0/6
  1043 | D:2      | HP: 1/24 [poisoned by an adder]
  1469 | D:2      | Noticed Natasha
  1475 | D:2      | Killed Natasha
  1475 | D:2      | Reached XP level 4. HP: 25/30 MP: 2/8
  1584 | D:2      | Noticed Natasha
  1591 | D:2      | Killed Natasha
  1618 | D:2      | Found a bloodstained altar of Trog.
  1776 | D:2      | Noticed Natasha
  1780 | D:2      | Killed Natasha
  1793 | D:2      | Found a basalt altar of Yredelemnul.
  1904 | D:3      | Reached XP level 5. HP: 31/35 MP: 2/9
  2325 | D:3      | Reached skill level 1 in Shields
  2331 | D:3      | Reached skill level 5 in Dodging
  2634 | D:3      | Found a stormy altar of Qazlal.
  2685 | D:3      | Found a burning altar of Makhleb.
  2685 | D:3      | Noticed a green death
  2882 | D:3      | Reached skill level 1 in Polearms
  2882 | D:3      | Reached XP level 6. HP: 40/41 MP: 3/10
  2945 | D:3      | Learned a level 3 spell: Ozocubu's Armour
  2950 | D:3      | Learned a level 4 spell: Summon Ice Beast
  3062 | D:4      | Reached skill level 5 in Ice Magic
  3298 | D:4      | Found a runed translucent door.
  3302 | D:4      | Noticed PanadianCanda's ghost (amateur TrMo)
  3339 | D:4      | Noticed a phantom
  3358 | D:4      | Killed a phantom
  3381 | D:4      | Mangled by an ogre

Levels and vault maps discovered:
D:1:      ncdulo_wetmaze, layout_loops_ring
D:2:      layout_basic, lemuel_doored_altar,
          yredelemnul_forgotten_temple_becter, uniq_natasha
D:3:      layout_rooms, nicolae_overflow_hidden_temple,
          makhleb_altar_promises_db
D:4:      layout_basic, old_standard_altar, ebering_ghost_sewer_f

Skill      XL: |  1  2  3  4  5  6 |
---------------+-------------------+-----
Dodging        | 3 4 5 |  5.0
Ice Magic      | 4 5 |  5.1
Spellcasting   | 3 |  3.0
Shields        | 1 3 |  3.1
Polearms       | 1 3 |  3.2
Stealth        | |  2.1
Conjurations   | |  0.7

Action                   |  1- 3 |  4- 6 || total
-------------------------+-------+-------++-------
Melee: Unarmed           |     3 |       ||     3
       Dagger            |     6 |       ||     6
       Club              |       |     5 ||     5
       Spear             |       |    57 ||    57
 Cast: Freeze            |    34 |    53 ||    87
       Throw Frost       |       |     5 ||     5
       Ozocubu's Armour  |       |     2 ||     2
  Use: Scroll            |     1 |     9 ||    10
       Potion            |       |     1 ||     1
 Stab: Sleeping          |       |     5 ||     5
  Eat: Chunk             |     2 |     6 ||     8
Armor: Robe              |     3 |    12 ||    15
Dodge: Dodged            |    21 |    53 ||    74
Block: Buckler           |       |    20 ||    20

Table legend:
 A = Non-vault XP
 B = Vault XP
 C = Vault XP percentage of total XP
 D = Non-vault monster count
 E = Vault monster count
 F = Vault count percentage of total count
                 A         B        C        D         E       F
            +---------+---------+-------+---------+---------+-------
      Total |     575 |      36 |   5.9 |      51 |       2 |   3.8
            +---------+---------+-------+---------+---------+-------
        D:1 |      20 |       0 |   0.0 |      11 |       0 |   0.0
        D:2 |     108 |      36 |  25.0 |      13 |       2 |  13.3
        D:3 |     165 |       0 |   0.0 |      24 |       0 |   0.0
        D:4 |     282 |       0 |   0.0 |       3 |       0 |   0.0
            +---------+---------+-------+---------+---------+-------
